 Dungeon Crawl Stone Soup version 0.21-a0-329-g12f17e1 (webtiles) character file.

100766 onewingedangel the Warrior (level 15, 0/149 HPs)
             Began as a Minotaur Fighter on Oct 1, 2017.
             Was an Initiate of Gozag.
             Slain by an orc warrior
             ... wielding a +0 halberd of freezing
              (12 damage)
             ... on level 2 of the Orcish Mines.
             The game lasted 00:26:18 (20044 turns).

onewingedangel the Warrior (Minotaur Fighter)      Turns: 20044, Time: 00:26:19

Health: 0/149      AC: 21    Str: 28    XL:     15   Next: 81%
Magic:  14/14      EV:  9    Int:  7    God:    Gozag
Gold:   2261       SH: 11    Dex: 15    Spells: 14/14 levels left

rFire    . . .     SeeInvis .   M - +3 war axe (elec)
rCold    + . .     Gourm    .   c - +0 shield
rNeg     . . .     Faith    .   n - +2 plate armour {rC+}
rPois    .         Spirit   .   Y - +2 hat
rElec    .         Reflect  .   t - +2 cloak (curse)
rCorr    .         Harm     .   (no gloves)
MR       ++...                  (no boots)
Stlth    ..........             (no amulet)
HPRegen  0.34/turn              I - +6 ring of dexterity
MPRegen  0.14/turn              e - ring of protection from magic

@: gold aura
A: retaliatory headbutt, horns 2, blurry vision 1, clever 1, deformed body
a: Potion Petition, Call Merchant, Bribe Branch, Renounce Religion


You were on level 2 of the Orcish Mines.
You worshipped Gozag.
Gozag was most pleased with you.
You were not hungry.

You visited 3 branches of the dungeon, and saw 19 of its levels.

You collected 6413 gold pieces.
You spent 762 gold pieces at shops.
You paid 3390 gold pieces to Gozag.

Inventory:

Hand Weapons
 a - a +0 war axe
 b - a +1 executioner's axe of chopping
 M - a +3 war axe of electrocution (weapon)
Missiles
 r - 424 stones (quivered)
Armour
 c - a +0 shield (worn)
 n - a +2 plate armour of cold resistance (worn)
 t - a cursed +2 cloak (worn)
 Y - a +2 hat (worn)
Jewellery
 e - a ring of protection from magic (right hand)
 q - an uncursed amulet of the gourmand {unknown}
 w - an uncursed ring of resist corrosion
 B - a +5 amulet of reflection {unknown}
 I - a +6 ring of dexterity (left hand)
Wands
 d - a wand of disintegration (24/24)
 m - a wand of polymorph (18/24)
 s - a wand of iceblast (5/15)
 u - a wand of polymorph (0/24)
 A - a wand of flame (39/48)
 G - a wand of flame (35/48)
 H - a wand of polymorph (6/24)
 J - a wand of flame (11/48)
 O - a wand of random effects (32/48)
 Q - a wand of enslavement (11/24)
 T - a wand of paralysis (4/24)
 V - a wand of paralysis (6/24)
 W - a wand of flame (36/48)
Scrolls
 g - 19 scrolls of identify
 h - 16 scrolls of remove curse
 i - a scroll of enchant armour
 k - 10 scrolls of teleportation
 l - 5 scrolls of enchant weapon
 o - 3 scrolls of blinking
 z - 2 scrolls of fog {unknown}
 F - 3 scrolls of summoning
 R - a scroll of recharging
Potions
 j - 3 potions of heal wounds
 D - 2 potions of magic
 E - 8 potions of curing
Books
 x - a book of Debilitation

   Spells                             Type                      Level
   a - Corona                         Hexes                        1
   b - Slow                           Hexes                        2
   c - Inner Flame                    Hexes/Fire                   3
   d - Portal Projectile              Hexes/Translocation          3
   e - Cause Fear                     Hexes                        4
   f - Leda's Liquefaction            Hexes/Earth                  4
 y - a book of Dreams

   Spells                             Type                      Level
   a - Ensorcelled Hibernation        Hexes/Ice                    2
   b - Silence                        Hexes/Air                    5
   c - Darkness                       Hexes                        6
   d - Shadow Creatures               Summoning                    6
Miscellaneous
 N - a phial of floods
Comestibles
 f - 4 bread rations
 p - 37 fruits
 v - 19 royal jellies
 K - 2 meat rations


   Skills:
 + Level 18.1 Fighting
 + Level 15.0 Axes
 + Level 18.1 Armour
 - Level 4.0 Dodging
 - Level 5.0 Shields


You had 14 spell levels left.
You didn't know any spells.

Dungeon Overview and Level Annotations

Branches:
Dungeon (11/15)            Temple (0/1) D:6            Lair (6/6) D:11
 Shoals (0/4) Lair:4       Spider (0/4) Lair:3        Slime (0/5) Lair:6
    Orc (2/2) D:11            Elf (0/3) Orc:2

Altars:
Ashenzari
Dithmenos
Elyvilon
Fedhas
Gozag
Hepliaklqana
Nemelex Xobeh
Okawaru
Ru
Sif Muna
Trog
Uskayaw
Vehumet
Wu Jian
The Shining One
Beogh

Shops:
D:6 ?   D:7 %   D:10 (   Lair:4 [

Portals:
Trove: D:10 (give +3 gold dragon scales)

Annotations:
Lair:3 exclusion: ice statue


Innate Abilities, Weirdness & Mutations

You reflexively headbutt those who attack you in melee.
You have a pair of horns on your head.
Scrolls take you a little longer to read.
Your mind is acute. (Int +2)
Armour fits poorly on your strangely shaped body.


Message History

The bolt of fire hits you!
* * * LOW HITPOINT WARNING * * *
The orc wizard is distracted by the nearby gold.
The rust devil screeches!
The orc wizard shouts!
An orc wizard comes into view. It is wielding a dagger.
Unknown command.
Really read with blurry vision while enemies are nearby? [Y]es or [N]o only, please.
Really read with blurry vision while enemies are nearby? [Y]es or [N]o only, please.
Really read with blurry vision while enemies are nearby? [Y]es or [N]o only, please.
Really read with blurry vision while enemies are nearby?
The ice devil barely misses you. You furiously retaliate!
You headbutt the ice devil, but do no damage.
The soul eater is distracted by the nearby gold.
The orc high priest is distracted by the nearby gold.
The orc warrior hits you from afar with a halberd of freezing!
You die...
Your body crumbles into a pile of gold.

#..............
#................. .
#..............#..
..######..#..#......####.
..o....#.#....#.......#..
...o.oo#.##..............
.oooooo3.....<...........
.ooooooo$4............#..
.oooooo4@$..#............
..ooo4oo$..#.............
..ooooo4$................
...3oo{#.#.##...#........
..ooo.o#.#########.......
..######## ##.###.#.. .
####...##.#..
##.###..#.....
#.............


You could see an orc warlord, 3 orc knights, a soul eater (unaware), 3 orc high
priests, a hellwing, an ice devil, a rust devil, a ynoxinul, 3 orc sorcerers, a
red devil, 9 orc warriors, 8 orc priests, 6 orc wizards and 6 orcs.

Vanquished Creatures
  An orc warlord (Orc:2)
  A minotaur (Lair:1)
  An ettin (Orc:2)
  A vault guard (D:10)
  3 hydras
  2 ice dragons
  Erica (D:8)
  3 catoblepae (Lair:6)
  3 two-headed ogres
  7 death yaks (Lair:6)
  A necromancer (Lair:3)
  2 manticores (Lair:6)
  An ugly thing (D:11)
  3 orc sorcerers (Orc:2)
  Maurice (D:8)
  An elephant (D:11)
  3 black mambas
  5 spiny frogs
  4 rime drakes
  3 komodo dragons
  A tengu conjurer (D:10)
  A queen bee (Lair:5)
  3 meliai (Lair:5)
  3 trolls
  7 blink frogs
  9 polar bears
  7 dream sheep (Lair:6)
  6 hippogriffs
  4 basilisks
  A wyvern (D:9)
  34 yaks
  2 hungry ghosts
  A steam dragon (Lair:4)
  4 vampire mosquitoes (D:11)
  16 water moccasins
  6 wargs
  6 porcupines
  Duvessa (D:7)
  16 orc warriors
  An elephant zombie (Lair:3)
  9 ice beasts
  6 black bears
  3 sky beasts
  2 phantoms
  7 ogres
  2 centaurs
  6 wolves (Lair:3)
  10 crocodiles
  A big kobold (D:8)
  A komodo dragon zombie (Lair:3)
  A gnoll sergeant (D:6)
  15 bullfrogs
  Dowan (D:7)
  A wyvern skeleton (D:7)
  3 scorpions
  5 wights (D:3)
  47 killer bees
  An electric eel (Lair:3)
  4 howler monkeys
  5 crimson imps
  2 bullfrog zombies
  A quasit (D:11)
  16 orc priests
  5 hounds
  3 jellies
  A bullfrog skeleton (D:8)
  15 orc wizards
  A centaur skeleton (D:4)
  4 iguanas
  Ijyb (D:3)
  11 worker ants
  A hound skeleton (D:5)
  A hound zombie (D:5)
  4 worker ant zombies
  Robin (D:3)
  A howler monkey zombie (D:6)
  7 adders
  14 gnolls
  5 shadow imps
  2 white imps (Lair:3)
  3 oozes (Lair:6)
  5 adder skeletons
  5 worms
  7 leopard geckos
  59 orcs
  A ball python (D:5)
  8 bats
  6 giant cockroaches
  8 hobgoblins
  10 jackals
  15 kobolds
  5 quokkas
  10 frilled lizards
  13 goblins
  A leopard gecko skeleton (D:4)
  A quokka skeleton (D:8)
  10 rats
  3 fungi
  A plant (Lair:6)
573 creatures vanquished.

Vanquished Creatures (others)
  3 dream sheep (Lair:6)
  4 fungi
  4 plants
11 creatures vanquished.

Grand Total: 584 creatures vanquished

Notes
Turn   | Place    | Note
-------+----------+-------------------------------------------
     0 | D:1      | onewingedangel the Minotaur Fighter began the quest for the Orb.
     0 | D:1      | Reached XP level 1. HP: 19/19 MP: 0/0
   134 | D:1      | Reached XP level 2. HP: 23/27 MP: 1/1
   776 | D:2      | Found an opulent altar of Gozag.
   791 | D:2      | Became a worshipper of Gozag Ym Sagoz the Greedy
  1062 | D:2      | Reached XP level 3. HP: 24/33 MP: 2/2
  1277 | D:2      | Found a radiant altar of Vehumet.
  1532 | D:3      | Noticed Ijyb
  1540 | D:3      | Killed Ijyb
  1559 | D:3      | Reached XP level 4. HP: 35/40 MP: 3/3
  1572 | D:3      | Reached XP level 5. HP: 42/47 MP: 4/4
  1579 | D:3      | Reached skill level 5 in Axes
  1589 | D:3      | Reached XP level 6. HP: 34/55 MP: 5/5
  1871 | D:3      | Noticed Robin
  1890 | D:3      | Killed Robin
  1890 | D:3      | Reached skill level 5 in Fighting
  1890 | D:3      | Reached skill level 5 in Armour
  1901 | D:3      | Reached skill level 5 in Shields
  2229 | D:4      | Found a white marble altar of Elyvilon.
  2702 | D:5      | Entered Level 5 of the Dungeon
  2711 | D:5      | Reached XP level 7. HP: 42/61 MP: 6/6
  3255 | D:5      | Reached XP level 8. HP: 66/71 MP: 7/7
  3814 | D:6      | Found a hide-covered altar of Uskayaw.
  3868 | D:6      | Found Qisuogh's Magic Scroll Shop.
  3976 | D:6      | Bought a scroll of teleportation for 33 gold pieces
  4179 | D:6      | Found a staircase to the Ecumenical Temple.
  4245 | D:6      | Found a hazy altar of Hepliaklqana.
  4593 | D:6      | Bought a scroll of enchant weapon for 82 gold pieces
  5084 | D:7      | Found Qogrowkeid's Food Boutique.
  5173 | D:7      | Reached XP level 9. HP: 43/80 MP: 8/8
  5368 | D:7      | Reached skill level 10 in Axes
  5589 | D:7      | Noticed Duvessa
  5592 | D:7      | Noticed Dowan
  5602 | D:7      | Killed Duvessa
  5610 | D:7      | Killed Dowan
  6589 | D:7      | Found a sacrificial altar of Ru.
  7125 | D:8      | Found a shattered altar of Ashenzari.
  7125 | D:8      | Noticed Erica
  7158 | D:8      | Found a glowing golden altar of the Shining One.
  7159 | D:8      | Found an ornate altar of the Wu Jian Council.
  7159 | D:8      | Found a blossoming altar of Fedhas.
  7160 | D:8      | Found a deep blue altar of Sif Muna.
  7186 | D:8      | Killed Erica
  7192 | D:8      | Reached XP level 10. HP: 39/91 MP: 9/9
  7660 | D:8      | Found a bloodstained altar of Trog.
  7770 | D:8      | Noticed Maurice
  7852 | D:8      | Killed Maurice
  8042 | D:8      | Noticed a two-headed ogre
  8050 | D:8      | Killed a two-headed ogre
  8381 | D:9      | Reached skill level 10 in Fighting
  8402 | D:9      | Reached skill level 10 in Armour
  9447 | D:9      | Found an iron altar of Okawaru.
  9456 | D:9      | Found a shadowy altar of Dithmenos.
  9461 | D:9      | Found a sparkling altar of Nemelex Xobeh.
 10192 | D:10     | Entered Level 10 of the Dungeon
 10215 | D:10     | Noticed a two-headed ogre
 10651 | D:10     | Noticed a vault guard
 10655 | D:10     | Reached XP level 11. HP: 96/101 MP: 10/10
 10668 | D:10     | Killed a vault guard
 10822 | D:10     | Killed a two-headed ogre
 11076 | D:10     | Found a portal to a secret trove of treasure.
 11802 | D:10     | Bought a +3 war axe of electrocution for 359 gold pieces
 11943 | D:11     | Found a staircase to the Lair.
 11944 | D:11     | Noticed a two-headed ogre
 11980 | D:11     | Killed a two-headed ogre
 12345 | D:11     | Found a staircase to the Orcish Mines.
 12347 | D:11     | Noticed a red ugly thing
 12357 | D:11     | Killed a red ugly thing
 12677 | D:11     | Noticed an ice dragon
 12709 | D:11     | Killed an ice dragon
 12709 | D:11     | Reached XP level 12. HP: 62/115 MP: 11/11
 13411 | Lair:1   | Entered Level 1 of the Lair of Beasts
 13455 | Lair:1   | Found a labyrinth entrance.
 14019 | Lair:1   | Noticed a six-headed hydra
 14025 | Lair:1   | Noticed a minotaur
 14025 | Lair:1   | a six-headed hydra changed into a minotaur
 14030 | Lair:1   | Killed a minotaur
 14460 | Lair:2   | Noticed an eight-headed hydra
 14469 | Lair:2   | Killed a 13-headed hydra
 15296 | Lair:3   | Noticed an ice dragon
 15320 | Lair:3   | Killed an ice dragon
 15553 | Lair:3   | Found a hole to the Spider Nest.
 15838 | Lair:3   | Reached skill level 15 in Fighting
 15838 | Lair:3   | Reached skill level 15 in Armour
 15945 | Lair:3   | Gained mutation: Scrolls take you a little longer to read. [potion of mutation]
 15945 | Lair:3   | Gained mutation: Armour fits poorly on your strangely shaped body. [potion of mutation]
 15945 | Lair:3   | Gained mutation: Your mind is acute. (Int +2) [potion of mutation]
 16132 | Lair:4   | Found a staircase to the Shoals.
 16177 | Lair:4   | Reached XP level 13. HP: 80/126 MP: 12/12
 16942 | Lair:4   | Bought a +2 hat for 288 gold pieces
 17660 | Lair:5   | Reached XP level 14. HP: 137/137 MP: 13/13
 17661 | Lair:5   | Reached XP level 15. HP: 145/145 MP: 14/14
 17694 | Lair:6   | Entered Level 6 of the Lair of Beasts
 18635 | Lair:6   | Found a staircase to the Slime Pits.
 19312 | Orc:1    | Entered Level 1 of the Orcish Mines
 19629 | Orc:2    | Entered Level 2 of the Orcish Mines
 19629 | Orc:2    | Found a staircase to the Elven Halls.
 19629 | Orc:2    | Noticed an orc warlord
 19642 | Orc:2    | Killed an orc warlord
 19782 | Orc:2    | Reached skill level 15 in Axes
 19826 | Orc:2    | Found a roughly hewn altar of Beogh.
 20031 | Orc:2    | Noticed an orc warlord
 20044 | Orc:2    | Slain by an orc warrior

Vault maps used:
D:1:      matt_arrival_diagonals
D:2:      vehumet_crystals, lemuel_round_altar, first_bread,
          minmay_misc_feat_cross
D:3:      hangedman_decor_opposing, minmay_ruptured, uniq_ijyb, uniq_robin
D:4:      kennysheep_doodads, elyvilon_altar_4
D:5:      lemuel_upstairs_altar
D:6:      nicolae_overflow_crystal_walls, minmay_temple_entry_enclosed_plants,
          serial_shops, nicolae_shop_stone, basic_altar
D:7:      lemuel_crystal_altar, serial_shops, nicolae_shop_trees, minivault_23,
          minmay_lizard_king, uniq_duvessa
D:8:      marbit_many_paths, cheibrodos_ashenzari_chains,
          chequers_temple_overflow_statue_of_worship, uniq_erica, uniq_maurice
D:9:      minmay_overflow_temple_star_quad
D:10:     enter_trove_5, grunt_tengu_nest
D:11:     david_lair_generic, david_orc_1_choice,
          portal_ice_cave_entry_animals_and_master, roderic_serpentine_path
Lair:1:   lab_entry_generic, st_stairs_12, grunt_megastairs_5
Lair:3:   pond_and_an_island_with_a_cottage, dummy_spider_entry, ice2_lemuel,
          grunt_megastairs_2
Lair:4:   elwin_shoals_entry_rocks
Lair:5:   special_room
Lair:6:   evilmike_catoblepas_cave, nicolae_slime_entry_slimehenge,
          grunt_megastairs_3, lemuel_fruit_fields, lemuel_fruit_tree
Orc:1:    bloody_makhleb
Orc:2:    st_orc_congregation, basic_altar

Skill      XL: |  1  2  3  4  5  6  7  8  9 10 11 12 13 14 15 |
---------------+----------------------------------------------+-----
Axes           | 3 4 5 6 7 9 11 13 14 15 | 15.0
Armour         | 4 5 6 7 9 10 12 15 16 18 | 18.1
Fighting       | 4 5 6 7 9 10 13 15 16 18 | 18.1
Shields        | 4 5 |  5.0
Dodging        | 4 |  4.0

Action                   |  1- 3 |  4- 6 |  7- 9 | 10-12 | 13-15 || total
-------------------------+-------+-------+-------+-------+-------++-------
Melee: War axe           |    93 |   115 |   334 |   755 |   374 ||  1671
       Headbutt          |    14 |    17 |    63 |   180 |    97 ||   371
       Unarmed           |       |       |       |     3 |       ||     3
Invok: Potion Petition   |       |       |     3 |     3 |     1 ||     7
       Call Merchant     |       |       |       |     1 |     1 ||     2
Evoke: Wand              |       |       |       |     3 |     1 ||     4
  Use: Potion            |     1 |       |     5 |     8 |     4 ||    18
       Scroll            |       |       |     6 |    11 |     3 ||    20
 Stab: Distracted        |       |       |     2 |     4 |     5 ||    11
       Paralysed         |       |       |       |       |     3 ||     3
  Eat: Bread ration      |     1 |       |     3 |     6 |     3 ||    13
       Meat ration       |       |     1 |     1 |       |       ||     2
       Fruit             |       |       |     1 |       |       ||     1
Armor: Scale mail        |    42 |    59 |   106 |       |       ||   207
       Plate armour      |       |       |    32 |   397 |   161 ||   590
Dodge: Dodged            |    34 |    45 |   104 |   144 |   103 ||   430
Block: Shield            |    56 |    78 |   171 |   373 |   174 ||   852

Table legend:
 A = Spawn XP
 B = Non-spawn XP
 C = Spawn XP percentage of total XP
 D = Spawn monster count
 E = Non-spawn monster count
 F = Spawn count percentage of total count
 G = Total turns spent on level
                    A         B        C        D         E        F      G
               +---------+---------+-------+---------+---------+-------+---------
         Total |       0 |   73572 |   0.0 |       0 |     569 |   0.0 | 20044
               +---------+---------+-------+---------+---------+-------+---------
           D:1 |       0 |      25 |   0.0 |       0 |      17 |   0.0 |   767
           D:2 |       0 |      18 |   0.0 |       0 |       8 |   0.0 |   624
           D:3 |       0 |     443 |   0.0 |       0 |      51 |   0.0 |   773
           D:4 |       0 |     241 |   0.0 |       0 |      13 |   0.0 |   599
           D:5 |       0 |     790 |   0.0 |       0 |      24 |   0.0 |  1075
           D:6 |       0 |     972 |   0.0 |       0 |      32 |   0.0 |  1543
           D:7 |       0 |    1480 |   0.0 |       0 |      38 |   0.0 |  1429
           D:8 |       0 |    3717 |   0.0 |       0 |      27 |   0.0 |  1954
           D:9 |       0 |    2602 |   0.0 |       0 |      42 |   0.0 |  1428
          D:10 |       0 |    5346 |   0.0 |       0 |      39 |   0.0 |  1708
          D:11 |       0 |    7476 |   0.0 |       0 |      42 |   0.0 |  1551
        Lair:1 |       0 |    2334 |   0.0 |       0 |       9 |   0.0 |   827
        Lair:2 |       0 |    2732 |   0.0 |       0 |       9 |   0.0 |   686
        Lair:3 |       0 |    8461 |   0.0 |       0 |      41 |   0.0 |  1109
        Lair:4 |       0 |    4438 |   0.0 |       0 |      20 |   0.0 |  1023
        Lair:5 |       0 |    3069 |   0.0 |       0 |      27 |   0.0 |   728
        Lair:6 |       0 |   21723 |   0.0 |       0 |      64 |   0.0 |  1488
         Orc:1 |       0 |    1008 |   0.0 |       0 |      20 |   0.0 |   317
         Orc:2 |       0 |    6697 |   0.0 |       0 |      46 |   0.0 |   415
               +---------+---------+-------+---------+---------+-------+---------
